 Dungeon Crawl Stone Soup version 0.31.0-9-g3a7656b989 (webtiles) character file.

Game seed: 10962289398519873794

82 qw the Shooter (level 4, 0/22 HPs)
             Began as a Spriggan Hunter on Feb 2, 2024.
             Killed from afar by Ijyb (7 damage)
             ... with an iceblast
             ... on level 3 of the Dungeon.
             The game lasted 00:00:05 (1035 turns).

qw the Shooter (Spriggan Hunter)                    Turns: 1035, Time: 00:00:06

Health: 0/22       AC:  6    Str:  7    XL:     4   Next: 21%
Magic:  5/5        EV: 19    Int: 10    God:
Gold:   67         SH:  0    Dex: 20    Spells: 3/3 levels left

rFire   . . .        a - +0 shortbow
rCold   . . .        (shield currently unavailable)
rNeg    . . .        c - +0 robe
rPois   .            (helmet restricted)
rElec   .            (no cloak)
rCorr   .            (gloves unavailable)
SInv    +            (boots unavailable)
Will    .....        (no amulet)
Stlth   ++           j - +4 ring of protection
HPRegen 0.23/turn    (no ring)
MPRegen 0.09/turn

%: no passive effects
@: very quick
A: very small, no large weapons, unfitting armour, see invisible, speed 3
a: no special abilities


You were on level 3 of the Dungeon.
You visited 1 branch of the dungeon, and saw 3 of its levels.

You collected 124 gold pieces.
You spent 57 gold pieces at shops.


Innate Abilities, Weirdness & Mutations

You are very small and have problems with some larger weapons.
You are too small for most types of armour.
You have supernaturally acute eyesight. (SInv)
You cover ground extremely quickly. (Speed+++)


   Skills:
 - Level 1.5 Fighting
 - Level 5.0 Ranged Weapons
 + Level 4.5 Dodging
 - Level 1.5 Stealth


You had 3 spell levels left.
You didn't know any spells.
Your spell library was empty.

Inventory:

Hand Weapons
 a - a +0 shortbow (weapon)
Armour
 c - a +0 robe (worn)
Jewellery
 j - a +4 ring of protection (left hand)
Wands
 e - a wand of polymorph (13)
Scrolls
 d - a scroll of teleportation
 f - a scroll of identify
 g - a scroll of fog {unknown}
Potions
 b - a potion of curing
 i - a potion of berserk rage {unknown}

Dungeon Overview and Level Annotations

Branches:
Dungeon (3/15)

Altars:

Shops:
D:2 *

Annotations:
D:3 Ijyb


Message History

You kill the endoplasm!
g - a scroll labelled CIAXYOQINK A hobgoblin comes into view.
You shoot an arrow. The arrow hits the hobgoblin.
The hobgoblin shouts!
The hobgoblin is heavily wounded.
A hobgoblin is nearby!
You shoot an arrow. The arrow hits the hobgoblin!
You kill the hobgoblin!
You now have enough gold to buy a scroll of identify on D:2.
You can access your shopping list by pressing '$'.
You now have 67 gold pieces (gained 11).
An orc comes into view. It is wielding a +0 war axe.
Found 17 gold pieces.
An orc wizard comes into view. It is wielding a +0 dagger.
The orc moves out of view.
You shoot an arrow. The orc wizard shouts!
The arrow hits the orc wizard.
The orc wizard is moderately wounded.
You hear a shout! x2
Ijyb the Twisted Goblin comes into view.
She is wielding a +0 dagger, wearing a +2 leather armour of poison resistance and carrying a wand of iceblast.
You shoot an arrow. The orc shouts!
The arrow hits Ijyb!
Ijyb is heavily wounded.
You shoot an arrow.
The arrow hits the orc wizard but does no damage.
The orc wizard is moderately wounded.
You shoot an arrow. The arrow hits the orc wizard.
The orc wizard is severely wounded.
Ijyb zaps a wand.
The mass of ice explodes!
The iceblast engulfs you!
Ouch! That really hurt!
A goblin comes into view. It is wielding a +0 dagger.
Something shouts, "Give in, thou artless flat-headed nano-nebbish!"
You hear a shout!
You shoot an arrow. The arrow hits the orc wizard.
The orc wizard is almost dead.
Ijyb zaps a wand.
The mass of ice explodes!
The iceblast engulfs you!
You die...

#..... g.....#
...... .......
#..... ....g..
#.}..##..... ..
#.o...o..$ ..
#...#..# #
#..#.## # #..@..#
# # #...#......
##.## #..## #....
#.... ##...###
##. ...#
##....#8## .#..
##........## ....
#.}........###
....
#.....#......8#
...
.......###.....##
##


You could see Ijyb, an orc wizard, an orc and a goblin.

Vanquished Creatures
  Jessica (D:2)
  2 adders (D:2)
  2 dart slugs
  3 ball pythons (D:1)
  4 bats
  5 endoplasms
  A giant cockroach (D:1)
  3 goblins
  2 hobgoblins
  3 kobolds
  A quokka (D:1)
  3 frilled lizards
  3 rats (D:2)
33 creatures vanquished.

Notes
Turn   | Place    | Note
-------+----------+-------------------------------------------
     0 | D:1      | qw the Spriggan Hunter began the quest for the Orb.
     0 | D:1      | Reached XP level 1. HP: 10/10 MP: 2/2
     0 | D:1      | 0 ||| qw: Version: 0.3-a-155-g5e7d8dd
     0 | D:1      | 0 ||| qw: Game counter: 1932
     0 | D:1      | 0 ||| qw: Melee chars always use a shield: true
     0 | D:1      | 0 ||| qw: God list: Okawaru
     0 | D:1      | 0 ||| qw: Allow faded altars: false
     0 | D:1      | 0 ||| qw: Do Orc after clearing Dungeon:15 true
     0 | D:1      | 0 ||| qw: Do second Lair branch before Depths: true
     0 | D:1      | 0 ||| qw: Lair rune preference: random
     0 | D:1      | 0 ||| qw: Goals: Normal
     0 | D:1      | 0 ||| PLANNING D:1-11
   167 | D:1      | Reached skill level 3 in Dodging
   230 | D:1      | Reached XP level 2. HP: 14/14 MP: 3/3
   420 | D:1      | 420 ||| READING 2 scrolls labelled ZULODA KETIBU.
   421 | D:1      | 421 ||| DROPPING scroll of butterflies.
   439 | D:2      | Found Fausitso's Assorted Antiques.
   443 | D:2      | 443 ||| BUYING fizzy clear potion (27 gold).
   443 | D:2      | Bought a fizzy clear potion for 27 gold pieces
   443 | D:2      | 443 ||| BUYING scroll labelled NICIEWK ZAVY (30 gold).
   443 | D:2      | Bought a scroll labelled NICIEWK ZAVY for 30 gold pieces
   443 | D:2      | 443 ||| SHOPLISTING scroll labelled NICIEWK ZAVY (30 gold,
                  | have 5).
   443 | D:2      | 443 ||| SHOPLISTING scroll of identify (60 gold, have 5).
   576 | D:2      | Reached XP level 3. HP: 18/18 MP: 4/4
   603 | D:2      | Noticed Jessica
   608 | D:2      | 608 ||| FLEEEEING.
   609 | D:2      | 609 ||| FLEEEEING.
   610 | D:2      | 610 ||| FLEEEEING.
   611 | D:2      | 611 ||| FLEEEEING.
   612 | D:2      | 612 ||| FLEEEEING.
   613 | D:2      | 613 ||| FLEEEEING.
   614 | D:2      | 614 ||| STAIRDANCE
   716 | D:1      | 716 ||| UPGRADING to +4 ring of protection.
   717 | D:1      | 717 ||| READING 2 scrolls of identify.
   717 | D:1      | 717 ||| IDENTIFYING smoky green potion
   718 | D:1      | 718 ||| READING scroll of identify.
   718 | D:1      | 718 ||| IDENTIFYING purple potion
   719 | D:1      | 719 ||| READING scroll labelled NICIEWK ZAVY.
   724 | D:1      | 724 ||| READING scroll labelled KAFUOS FAUTA.
   725 | D:1      | 725 ||| DRINKING 2 fizzy clear potions.
   726 | D:1      | 726 ||| DROPPING potion of attraction.
   727 | D:1      | 727 ||| DROPPING potion of degeneration.
   788 | D:2      | Killed Jessica
   789 | D:2      | Reached skill level 5 in Ranged Weapons
   971 | D:3      | 971 ||| STAIRDANCE
   974 | D:2      | Reached XP level 4. HP: 22/22 MP: 5/5
  1031 | D:3      | Noticed Ijyb
  1035 | D:3      | Killed from afar by Ijyb

Levels and vault maps discovered:
D:1:      scummos_arrival_star, layout_rooms
D:2:      layout_rooms, serial_shops, shop, minmay_tetromino_s4, uniq_jessica
D:3:      layout_rooms, nicolae_overflow_ecumenical_swirl, serial_corexii_hall,
          chequers_hall_statues_y, chequers_hall_statues_y, uniq_ijyb

Skill      XL: |  1  2  3 |
---------------+----------+-----
Dodging        | 3 4 |  4.5
Ranged Weapons | 5 |  5.0
Fighting       | |  1.5
Stealth        | |  1.5

Action                     |  1- 3 |  4- 6 || total
---------------------------+-------+-------++-------
   Fire: Shortbow          |    76 |    14 ||    90
    Use: Scroll            |     5 |       ||     5
         Potion            |     1 |       ||     1
 Armour: Robe              |     3 |     2 ||     5
  Dodge: Dodged            |    13 |       ||    13

Table legend:
 A = Non-vault XP
 B = Vault XP
 C = Vault XP percentage of total XP
 D = Non-vault monster count
 E = Vault monster count
 F = Vault count percentage of total count
                 A         B        C        D         E       F
            +---------+---------+-------+---------+---------+-------
      Total |      80 |      38 |  32.2 |      31 |       2 |   6.1
            +---------+---------+-------+---------+---------+-------
        D:1 |      25 |       0 |   0.0 |      12 |       0 |   0.0
        D:2 |      39 |      38 |  49.4 |      11 |       2 |  15.4
        D:3 |      16 |       0 |   0.0 |       8 |       0 |   0.0
            +---------+---------+-------+---------+---------+-------
